 Dungeon Crawl Stone Soup version 0.30-a0-651-g0755cc6dcf (webtiles) character file.

Game seed: 8053821582920108966

655 M4edhros the Charlatan (level 7, -17/46 HPs)
             Began as an Octopode Artificer on Jan 18, 2023.
             Was a Believer of Cheibriados.
             Demolished by an ogre
             ... wielding a +0 giant club
              (20 damage)
             ... on level 6 of the Dungeon.
             The game lasted 00:05:06 (3297 turns).

M4edhros the Charlatan (Octopode Artificer)         Turns: 3297, Time: 00:05:07

Health: -17/46     AC:  1    Str: 17    XL:     7   Next: 54%
Magic:  7/7        EV: 15    Int: 18    God:    Cheibriados [**....]
Gold:   231        SH:  6    Dex: 25    Spells: 3/6 levels left

rFire   . . .      SeeInvis .    l - +2 dagger (venom)
rCold   . . .      Faith    .    j - +0 buckler
rNeg    . . .      Spirit   .    (helmet restricted)
rPois   .          Reflect  .    (no amulet)
rElec   .          Harm     .    k - +6 ring of dexterity
rCorr   .          Rampage  .    (no ring)
Will    .....                    (no ring)
Stlth   ++++                     (no ring)
HPRegen 0.27/turn                (no ring)
MPRegen 0.10/turn                (no ring)
                                 (no ring)
                                 (no ring)

@: brilliant, very slow
A: almost no armour, amphibious, 8 rings, camouflage 1, gelatinous body 1,
(nimble swimmer 1), tentacles
a: Renounce Religion, Bend Time


You were on level 6 of the Dungeon.
You worshipped Cheibriados.
Cheibriados was pleased with you.
You visited 2 branches of the dungeon, and saw 7 of its levels.

You collected 231 gold pieces.

Inventory:

Hand Weapons
 l - a +2 dagger of venom (weapon)
 o - the +3 mace of Indomitability {freeze, rElec Int+4}
   (You found it on level 2 of the Dungeon)

   Int:       It affects your intelligence (+4).
   rElec:     It insulates you from electricity.
Armour
 j - a +0 buckler (worn)
Jewellery
 k - a +6 ring of dexterity (left tentacle)
Wands
 b - a wand of flame (24) (quivered)
 c - a wand of charming (13)
 d - a wand of iceblast (5)
 s - a wand of quicksilver (3)
Scrolls
 a - a scroll of immolation
 g - 5 scrolls of teleportation
Potions
 f - a potion of lignification {unknown}
 h - 2 potions of flight
 i - a potion of heal wounds {unknown}
 n - a potion of degeneration {unknown}
 p - 2 potions of resistance
 q - a potion of attraction {unknown}
 r - a potion of magic {unknown}


   Skills:
 + Level 3.0 Fighting
 + Level 3.7 Dodging
 + Level 4.3 Stealth
 * Level 3.3 Shields
 * Level 3.3 Unarmed Combat
 + Level 0.5 Ice Magic
 - Level 4.5 Evocations


You had 3 spell levels left.
You knew the following spells:

 Your Spells              Type           Power      Damage    Failure   Level
a - Ozocubu's Armour      Ice            2%         N/A       56%         3

Your spell library contained the following spells:

 Spells                   Type           Power      Damage    Failure   Level
 Metabolic Englaciation   Hex/Ice        0%         N/A       100%        5
 Simulacrum               Ice/Necr       0%         N/A       100%        6


Dungeon Overview and Level Annotations

Branches:
Dungeon (6/15)             Temple (1/1) D:4

Altars:
Ashenzari
Cheibriados
Dithmenos
Elyvilon
Gozag
Hepliaklqana
Kikubaaqudgha
Makhleb
Nemelex Xobeh
Ru
Sif Muna
Uskayaw
Wu Jian
Xom
Zin


Innate Abilities, Weirdness & Mutations

You cannot wear most types of armour.
You are amphibious.
You can wear up to eight rings at the same time.
Your skin changes colour to match your surroundings (Stealth+).
Your rubbery body absorbs attacks. (AC +1, EV +1)
((You are camouflaged when in or above water. (Stealth+)))
You have tentacles for arms and can constrict up to eight enemies at once.


Message History

You hit the orc priest.
The orc priest looks as sick as possible!
The orc priest is almost dead.
You constrict the orc priest.
You kill the orc priest!
Cheibriados thoroughly appreciates the change of pace.
Things that are here:
a +0 trident; a +0 leather armour; an orc corpse HP restored.
A boulder beetle comes into view.
A boulder beetle is nearby!
A boulder beetle is nearby!
A boulder beetle is nearby!
The helpless boulder beetle fails to defend itself.
You hit the boulder beetle.
You tentacle-slap the boulder beetle, but do no damage.
The boulder beetle is lightly wounded.
The boulder beetle bites you!!
Aiming: Charm
Press: ? - help, Shift-Dir - straight line, f - boulder beetle
Aim: a boulder beetle (lightly wounded, chance to affect: 42%)
Okay, then.
Okay, then.
It was a potion of brilliance.
You feel clever all of a sudden. The boulder beetle bites you!!
Ouch! That really hurt!
* * * LOW HITPOINT WARNING * * *
Unknown command.
As you read the scroll of teleportation, it crumbles to dust.
You feel strangely unstable.
The boulder beetle leaps!
The boulder beetle leaps!
The boulder beetle curls into a ball and begins rolling!
Your surroundings suddenly seem different.
An ogre comes into view. It is wielding a +0 giant club.
The helpless ogre fails to defend itself.
You impale the ogre!!
The ogre is almost dead.
The ogre hits you with a +0 giant club!!
You die...

### ..# #.# #.#
#O# #@#
...............
###...#.#######
#...... #.# ..#
#. .#.# #+# #
##.. ###.#####
..# #.......#


You could see an ogre.

Vanquished Creatures
  2 ice beasts
  A necrophage (D:5)
  A howler monkey (D:4)
  2 jellies
  A hound (D:4)
  2 orc priests
  Jessica (D:3)
  An orc wizard (D:4)
  3 gnolls (D:3)
  4 adders
  A white imp (D:4)
  2 worms
  3 dart slugs
  11 orcs
  3 endoplasms (D:4)
  3 giant cockroaches (D:4)
  8 goblins
  10 hobgoblins
  2 jackals (D:3)
  5 kobolds
  4 quokkas
  5 ball pythons
  6 bats
  A frilled lizard (D:2)
  5 rats
87 creatures vanquished.

Notes
Turn   | Place    | Note
-------+----------+-------------------------------------------
     0 | D:1      | M4edhros the Octopode Artificer began the quest for the
                  | Orb.
     0 | D:1      | Reached XP level 1. HP: 13/13 MP: 1/1
   204 | D:1      | Reached XP level 2. HP: 3/18 MP: 2/2
   587 | D:3      | Reached XP level 3. HP: 7/23 MP: 3/3
   738 | D:4      | Found a staircase to the Ecumenical Temple.
   752 | Temple   | Entered the Ecumenical Temple
  1012 | Temple   | Became a worshipper of Cheibriados the Contemplative
  1594 | D:2      | Identified the +3 mace of Indomitability {freeze, rElec
                  | Int+4}
  1710 | D:2      | Reached XP level 4. HP: 29/29 MP: 4/4
  1829 | D:3      | Noticed Jessica
  1832 | D:3      | Reached * piety under Cheibriados
  1841 | D:3      | Killed Jessica
  1842 | D:3      | Reached skill level 1 in Shields
  1842 | D:3      | Reached skill level 1 in Unarmed Combat
  1842 | D:3      | Reached XP level 5. HP: 4/34 MP: 5/5
  2346 | D:4      | Noticed an ice beast
  2353 | D:4      | Killed an ice beast
  2354 | D:4      | Reached XP level 6. HP: 26/41 MP: 6/6
  2388 | D:4      | Reached ** piety under Cheibriados
  2852 | D:5      | Entered Level 5 of the Dungeon
  2852 | D:5      | Noticed an ice beast
  2855 | D:5      | Killed an ice beast
  2856 | D:5      | Reached XP level 7. HP: 45/45 MP: 7/7
  2872 | D:5      | Learned a level 3 spell: Ozocubu's Armour
  2928 | D:5      | Found an ornate altar of the Wu Jian Council.
  3284 | D:6      | Noticed a boulder beetle
  3292 | D:6      | HP: 1/46 [boulder beetle (24)]
  3297 | D:6      | Demolished by an ogre

Illustrated notes

Levels and vault maps discovered:
D:1:      dpeg_arrival_ternary, layout_loops_corners
D:2:      layout_loops_corners
D:3:      layout_loops_ring, uniq_jessica, uniq_crazy_yiuf_cottage
D:4:      wad_river_or_something, layout_basic, minmay_temple_entry_mini_moons
D:5:      minmay_inner_zag, layout_loops_cross, nzn_wu_jian_council_hall,
          gammafunk_ghost_cemetery
D:6:      layout_loops_corners
Temple:   dpeg_chambers_temple

Skill      XL: |  1  2  3  4  5  6  7 |
---------------+----------------------+-----
Stealth        | 2 3 4 |  4.3
Fighting       | 2 3 |  3.0
Dodging        | 3 |  3.7
Shields        | 1 2 3 |  3.3
Unarmed Combat | 1 2 3 |  3.3
Evocations     | 4 |  4.5
Ice Magic      | |  0.5

Action                   |  1- 3 |  4- 6 |  7- 9 || total
-------------------------+-------+-------+-------++-------
Melee: Unarmed           |    74 |       |       ||    74
       Constrict         |    31 |    24 |     6 ||    61
       Tentacles         |    18 |    22 |     5 ||    45
       Dagger            |    14 |    77 |    21 ||   112
       Punch             |     1 |       |     3 ||     4
Evoke: Wand              |       |     7 |     1 ||     8
  Use: Potion            |     1 |       |     1 ||     2
       Scroll            |       |       |     7 ||     7
 Stab: Sleeping          |    15 |    11 |     4 ||    30
       Distracted        |       |     1 |       ||     1
Armor: Skin              |     4 |     2 |     1 ||     7
Dodge: Dodged            |    46 |    27 |     8 ||    81
Block: Buckler           |     2 |    17 |     8 ||    27

Table legend: (Time is in decaauts)
 A = Elapsed time spent in this place.
 B = Non-inter-level travel time spent in this place.
 C = Inter-level travel time spent in this place.
 D = Time resting spent in this place.
 E = Time spent auto-exploring this place.
 F = Levels seen in this place.
 G = Mean time per level.
                   A        B        C        D        E       F      G
               +--------+--------+--------+--------+--------+-----+--------+
         Total |   3990 |   3644 |    346 |     66 |   2526 |   7 |  570.0 |
       Dungeon |   3703 |   3417 |    286 |     66 |   2313 |   6 |  617.2 |
        Temple |    286 |    226 |     60 |      0 |    213 |   1 |  286.0 |
               +--------+--------+--------+--------+--------+-----+--------+

Top non-repeatable levels by time:
     D:4: 1251 daAuts
     D:2: 718 daAuts
     D:1: 694 daAuts
     D:5: 498 daAuts
     D:3: 448 daAuts
  Temple: 286 daAuts
     D:6: 92 daAuts
